 Dungeon Crawl Stone Soup version 0.19-a0-1686-g35356ef (webtiles) character file.

4462 st0uf the Fighter (level 10, -7/81 (82) HPs)
             Began as a Demonspawn Fighter on Sept 25, 2016.
             Was a Priest of Uskayaw.
             Mangled by a cyan ugly thing (15 damage)
             ... on level 11 of the Dungeon.
             The game lasted 00:31:34 (8844 turns).

st0uf the Fighter (Demonspawn Fighter)              Turns: 8844, Time: 00:31:35

HP:   -7/81 (82)    AC: 16    Str: 19    XL:     10   Next: 15%
MP:   12/13         EV: 13    Int:  9    God:    Uskayaw [***...]
Gold: 612           SH:  0    Dex: 14    Spells: 0 memorised, 9 levels left

rFire  . . .     SeeInvis +     a - +0 war axe
rCold  . . .     Gourm    +     y - +0 pearl dragon armour
rNeg   + . .     Faith    .     (no shield)
rPois  .         Spirit   .     B - +0 helmet
rElec  .         Dismiss  .     (no cloak)
rCorr  .         Reflect  .     (no gloves)
MR     .....     Harm     .     c - +0 pair of boots
Stlth  +.........               u - amulet of the gourmand
                                G - ring of stealth
                                r - ring of see invisible

@: no status effects
A: talons 1, powered by death 2, sturdy frame 1
a: Stomp, Line Pass, Renounce Religion


You were on level 11 of the Dungeon.
You worshipped Uskayaw.
Uskayaw was noncommittal.
You were very full.

You visited 2 branches of the dungeon, and saw 12 of its levels.
You also visited: Sewer.

You collected 612 gold pieces.

Inventory:

Hand Weapons
 a - a +0 war axe (weapon)
Missiles
 l - a throwing net (quivered)
Armour
 c - a +0 pair of boots (worn)
 y - a +0 pearl dragon armour (worn)
 B - a +0 helmet (worn)
 P - a cursed +0 pair of gloves
Jewellery
 r - a ring of see invisible (left hand)
 u - an amulet of the gourmand (around neck)
 G - a ring of stealth (right hand)
 U - an uncursed amulet of rage
Wands
 F - a wand of iceblast (11/15)
 M - a wand of iceblast (10/15)
 R - a wand of teleportation (2/9)
 S - a wand of disintegration (12/24)
 V - a wand of disintegration (8/24)
 W - a wand of flame (34/48)
Scrolls
 e - 4 scrolls of amnesia {unknown}
 g - a scroll of random uselessness {unknown}
 h - 12 scrolls of identify
 j - a scroll of fear {unknown}
 o - 4 scrolls of remove curse {unknown}
 s - 4 scrolls of magic mapping {unknown}
 t - 2 scrolls of enchant weapon {unknown}
 C - 3 scrolls of teleportation {unknown}
 D - a scroll of immolation {unknown}
 I - a scroll of noise {unknown}
 N - a scroll of fog {unknown}
 O - 2 scrolls of recharging {unknown}
Potions
 b - a potion of heal wounds {unknown}
 d - a potion of might
 i - a potion of lignification {unknown}
 m - 2 potions of cancellation {unknown}
 n - a potion of magic {unknown}
 p - 3 potions of flight {unknown}
 q - 8 potions of curing {unknown}
 v - 4 potions of haste {unknown}
 z - a potion of ambrosia {unknown}
 A - 5 potions of brilliance {unknown}
 E - 3 potions of agility {unknown}
 H - a potion of resistance {unknown}
 L - 2 potions of mutation {unknown}
 Q - a potion of degeneration {unknown}
Books
 J - a book of the Earth

   Spells                             Type                      Level
   a - Leda's Liquefaction            Hexes/Earth                  4
   b - Bolt of Magma                  Conjuration/Fire/Earth       5
   c - Statue Form                    Transmutation/Earth          6
   d - Iron Shot                      Conjuration/Earth            6
   e - Shatter                        Earth                        9
Comestibles
 f - 4 bread rations
 k - 8 meat rations
 w - 4 fruits
 x - 4 beef jerkies
 K - a slice of pizza


   Skills:
 * Level 8.7 Fighting
 * Level 7.7 Axes
 + Level 6.4 Armour
 + Level 5.2 Dodging
   Level 2.6 Shields
 + Level 4.1 Invocations


You had 9 spell levels left.
You didn't know any spells.

Dungeon Overview and Level Annotations

Branches:
Dungeon (11/15)            Temple (1/1) D:7            Lair (0/6) D:10
    Orc (0/2) D:9

Altars:
Ashenzari
Cheibriados
Dithmenos
Elyvilon
Fedhas
Gozag
Hepliaklqana
Kikubaaqudgha
Makhleb
Nemelex Xobeh
Okawaru
Qazlal
Ru
Sif Muna
Trog
Uskayaw
Vehumet
Xom
Yredelemnul
Zin
The Shining One

Annotations:
D:10 wazuzu's ghost, journeyman DrWz


Innate Abilities, Weirdness & Mutations

You have sharp toenails.
You regenerate health from kills.
Your movements are slightly less encumbered by armour. (ER -2)


Message History

The cyclops is heavily wounded.
The cyclops hits you!
* * * LOW HITPOINT WARNING * * *
You slash the cyclops!
The cyclops is almost dead.
The cyclops hits you but does no damage.
Uskayaw will force your foes to helplessly watch your dance.
Uskayaw prepares the audience for your solo!
The helpless cyclops fails to defend itself.
You slash the cyclops!
You kill the cyclops!
Your Invocations skill increases to level 4!
The cyan ugly thing is no longer paralysed.
The cyan ugly thing barely misses you.
You hit the cyan ugly thing.
The cyan ugly thing is lightly wounded.
The cyan ugly thing headbutts you!
* * * LOW HITPOINT WARNING * * *
The cyan ugly thing shocks you!
You die...

##'## #.# ## #(# #..
#. #)# ### #. ##)##
##. ##...## .. #.....#
#. ##...#####
##(##########.........
#..(u@........#.######
#.##########..#.# #
####.# #.# #.# #.# #.#


You could see a cyan ugly thing.

Vanquished Creatures
  A cyclops (D:11)
  Grinder (D:5)
  The ghost of George the Skirmisher, an amateur HOFi (D:4)
  Duvessa (D:6)
  4 sky beasts
  2 black bears
  2 orc warriors
  2 ice beasts
  4 ogres
  3 centaurs
  A crocodile (D:8)
  2 big kobolds
  4 bullfrogs
  Dowan (D:6)
  5 scorpions
  A howler monkey (D:10)
  A crimson imp (D:7)
  A centaur zombie (D:7)
  2 hounds
  A quasit (D:10)
  2 bullfrog skeletons
  7 orc priests
  A gnoll shaman (D:5)
  5 orc wizards
  A centaur skeleton (D:7)
  2 iguanas
  7 worker ants
  A hound zombie (D:7)
  A hound skeleton (D:5)
  A howler monkey zombie (D:5)
  A worker ant zombie (D:8)
  13 gnolls
  10 adders
  2 shadow imps
  2 oozes
  An adder skeleton (D:5)
  A worm (D:4)
  2 dart slugs
  2 leopard geckos
  31 orcs
  8 ball pythons
  8 bats
  7 giant cockroaches
  3 goblins
  3 hobgoblins
  6 jackals
  3 quokkas
  5 frilled lizards
  20 kobolds
  A leopard gecko skeleton (D:4)
  A quokka skeleton (D:4)
  A quokka zombie (D:9)
  7 rats
206 creatures vanquished.

Vanquished Creatures (others)
  A necrophage (D:11)
  4 toadstools (D:1)
5 creatures vanquished.

Grand Total: 211 creatures vanquished

Notes
Turn   | Place    | Note
-------+----------+-------------------------------------------
     0 | D:1      | st0uf the Demonspawn Fighter began the quest for the Orb.
     0 | D:1      | Reached XP level 1. HP: 18/18 MP: 1/1
   631 | D:1      | Gained mutation: You have sharp toenails. [demonic ancestry]
   631 | D:1      | Reached XP level 2. HP: 24/24 MP: 2/2
  1093 | D:2      | Reached XP level 3. HP: 29/29 MP: 3/3
  1725 | D:3      | Reached skill level 1 in Dodging
  1725 | D:3      | Reached XP level 4. HP: 30/36 MP: 4/4
  1980 | D:3      | Reached XP level 5. HP: 42/42 MP: 5/5
  2022 | D:3      | Found a glowing drain.
  2051 | Sewer    | Entered a sewer
  2196 | Sewer    | Reached skill level 4 in Fighting
  2689 | D:4      | Gained mutation: Your movements are slightly less encumbered by armour. (ER -2) [demonic ancestry]
  2689 | D:4      | Reached XP level 6. HP: 46/48 MP: 6/6
  3753 | D:4      | Noticed George's ghost (amateur HOFi)
  3846 | D:5      | Entered Level 5 of the Dungeon
  3874 | D:5      | Reached XP level 7. HP: 42/55 MP: 7/7
  3878 | D:5      | Reached skill level 5 in Fighting
  4211 | D:5      | Noticed Grinder
  4306 | D:5      | Paralysed by Grinder for 6 turns
  4314 | D:5      | Paralysed by Grinder for 7 turns
  4337 | D:5      | Killed Grinder
  4337 | D:5      | Reached skill level 5 in Axes
  4698 | D:6      | Noticed Duvessa
  4698 | D:6      | Noticed Dowan
  4708 | D:6      | Killed Duvessa
  4708 | D:6      | Gained mutation: You regenerate a little health from kills. [demonic ancestry]
  4708 | D:6      | Reached XP level 8. HP: 56/64 MP: 8/8
  4718 | D:6      | Killed Dowan
  4772 | D:6      | Reached skill level 6 in Fighting
  4816 | D:6      | HP: 3/64 [orc priest/divine providence (17)]
  4819 | D:6      | HP: 1/64 [orc priest/trident (2)]
  4820 | D:6      | Reached skill level 5 in Armour
  5351 | D:6      | Found a glowing silver altar of Zin.
  5351 | D:6      | Found a stormy altar of Qazlal.
  5778 | D:4      | Killed George's ghost
  6225 | D:7      | Reached skill level 7 in Fighting
  6343 | D:7      | Reached XP level 9. HP: 72/72 MP: 9/9
  6436 | D:7      | Found a shimmering altar of Xom.
  6438 | D:7      | Found a shimmering altar of Xom.
  6484 | D:7      | Found a shimmering altar of Xom.
  6484 | D:7      | Found a shimmering altar of Xom.
  6536 | D:7      | Found a staircase to the Ecumenical Temple.
  6558 | Temple   | Entered the Ecumenical Temple
  6565 | Temple   | Became a worshipper of Uskayaw the Reveler
  6578 | D:7      | Reached * piety under Uskayaw
  6580 | D:7      | Reached ** piety under Uskayaw
  6798 | D:8      | Reached skill level 1 in Invocations
  6987 | D:8      | Reached *** piety under Uskayaw
  6991 | D:8      | Reached **** piety under Uskayaw
  7001 | D:8      | Reached ***** piety under Uskayaw
  7526 | D:9      | Reached skill level 8 in Fighting
  7578 | D:9      | Found an iron altar of Okawaru.
  7773 | D:9      | Found a staircase to the Orcish Mines.
  8207 | D:10     | Entered Level 10 of the Dungeon
  8207 | D:10     | Found a staircase to the Lair.
  8245 | D:10     | Reached skill level 5 in Dodging
  8416 | D:10     | Noticed wazuzu's ghost (journeyman DrWz)
  8429 | D:11     | Gained mutation: You regenerate health from kills. [demonic ancestry]
  8429 | D:11     | Reached XP level 10. HP: 70/81 MP: 12/12
  8820 | D:11     | Noticed a cyclops
  8828 | D:11     | Noticed a cyan ugly thing
  8841 | D:11     | Killed a cyclops
  8844 | D:11     | Mangled by a cyan ugly thing

Vault maps used:
D:1:      ldierk_water_garden
D:2:      interstate_on_off
D:3:      portal_sewer_entry_d, first_bread
D:5:      uniq_grinder
D:6:      minitemple, uniq_duvessa
D:7:      xom_redecorated
D:9:      lemuel_crystal_altar, orc_0_dummy
D:10:     lair_0_dummy
D:11:     hangedman_ranch, minmay_item_behind_shaft, fedhas_altar_2, uniq_grum
Temple:   nicolae_temple_no_exploring_needed
Sewer:    kennysheep_pipe_town

Skill      XL: |  1  2  3  4  5  6  7  8  9 10 |
---------------+-------------------------------+-----
Axes           | 2 3 4 5 6 7 |  7.7
Armour         | 3 4 5 6 |  6.4
Dodging        | 1 2 3 4 5 |  5.2
Fighting       | 4 5 7 8 |  8.7
Invocations    | 3 4 |  4.1
Shields        | |  2.6

Action                   |  1- 3 |  4- 6 |  7- 9 | 10-12 || total
-------------------------+-------+-------+-------+-------++-------
Melee: War axe           |    93 |   270 |   507 |    40 ||   910
  Use: Scroll            |       |     1 |     2 |       ||     3
 Stab: Paralysed         |       |       |     2 |     1 ||     3
  Eat: Chunk             |     3 |    17 |    15 |     1 ||    36
Armor: Scale mail        |    60 |       |       |       ||    60
       Pearl dragon armo |    13 |   194 |   294 |    32 ||   533
Dodge: Dodged            |    44 |   188 |   327 |    15 ||   574
